 Dungeon Crawl Stone Soup version 0.20.0-8-g6b59dc7 (webtiles) character file.

5988 TheLastOne the Destroyer (level 10, -5/103 HPs)
             Began as a Demigod Conjurer on May 30, 2017.
             Slain by a killer bee (9 damage)
             ... on level 8 of the Dungeon.
             The game lasted 00:57:03 (9034 turns).

TheLastOne the Destroyer (Demigod Conjurer)         Turns: 9034, Time: 00:57:05

Health: -5/103     AC:  5    Str: 16    XL:     10   Next: 30%
Magic:  13/30      EV: 15    Int: 25    God:
Gold:   54         SH:  0    Dex: 13    Spells: 9/18 levels left

rFire    + . .     SeeInvis .   P - +2 dagger of the Visionary {freeze, rF+ rN+ Dex-3}
rCold    . . .     Gourm    .   (no shield)
rNeg     + . .     Faith    .   a - +0 robe
rPois    .         Spirit   .   (no helmet)
rElec    .         Reflect  .   O - +0 cloak
rCorr    +         Harm     .   L - +0 pair of gloves
MR       +....                  (no boots)
Stlth    ..........             J - amulet of rage
Regen    0.3/turn               i - ring of magical power
MPRegen  0.3/turn               C - ring of resist corrosion

@: berserking, lethally poisoned (-5 -> -14), very quick
A: thin metallic scales 1, deformed body, high mp 1
a: Evoke Berserk Rage


You were on level 8 of the Dungeon.
You were not hungry.

You visited 2 branches of the dungeon, and saw 10 of its levels.

You collected 482 gold pieces.
You spent 428 gold pieces at shops.

Inventory:

Hand Weapons
 f - a +5 short sword of holy wrath
 t - a +0 falchion
 N - a +2 quarterstaff of chaos
 P - the +2 dagger of the Visionary (weapon) {freeze, rF+ rN+ Dex-3}
   (You bought it in a shop on level 8 of the Dungeon)

   It has been specially enchanted to freeze those struck by it, causing extra
   injury to most foes and up to half again as much damage against particularly
   susceptible opponents.
   It can also slow down cold-blooded creatures.
   It affects your dexterity (-3).
   It protects you from fire.
   It protects you from negative energy.
Missiles
 g - 284 stones (quivered)
 k - 9 javelins
 m - 95 sling bullets
 M - 2 throwing nets
Armour
 a - a +0 robe (worn)
 L - a +0 pair of gloves (worn)
 O - a +0 cloak (worn)
Jewellery
 h - an uncursed ring of ice
 i - a ring of magical power (left hand)
 o - an uncursed ring of stealth
 q - an uncursed ring of teleportation
 w - an uncursed ring of ice
 z - an uncursed ring of ice
 A - an uncursed ring of flight
 C - a ring of resist corrosion (right hand)
 J - an amulet of rage (around neck)
Wands
 v - a wand of polymorph (12/24)
 y - a wand of polymorph (11/24)
 D - a wand of polymorph (9/24)
Scrolls
 d - 2 scrolls of recharging {unknown}
 e - 13 scrolls of identify {unknown}
 l - a scroll of fog {unknown}
 n - 5 scrolls of teleportation {unknown}
 p - a scroll of immolation {unknown}
 r - 5 scrolls of remove curse
 s - 2 scrolls of enchant weapon {unknown}
 u - 2 scrolls of amnesia {unknown}
 x - a scroll of noise {unknown}
 B - 2 scrolls of random uselessness {unknown}
 F - 2 scrolls of blinking {unknown}
Books
 b - a book of Conjurations

   Spells                             Type                      Level
   a - Magic Dart                     Conjuration                  1
   b - Searing Ray                    Conjuration                  2
   c - Dazzling Spray                 Conjuration/Hexes            3
   d - Fulminant Prism                Conjuration/Hexes            4
   e - Force Lance                    Conjuration/Translocation    4
   f - Iskenderun's Mystic Blast      Conjuration                  4
 G - a book of Changes

   Spells                             Type                      Level
   a - Beastly Appendage              Transmutation                1
   b - Sticks to Snakes               Transmutation                2
   c - Spider Form                    Transmutation/Poison         3
   d - Ice Form                       Ice/Transmutation            4
   e - Blade Hands                    Transmutation                5
 H - a book of Power

   Spells                             Type                      Level
   a - Iskenderun's Battlesphere      Conjuration/Charms           5
   b - Venom Bolt                     Conjuration/Poison           5
   c - Bolt of Magma                  Conjuration/Fire/Earth       5
   d - Iron Shot                      Conjuration/Earth            6
   e - Orb of Destruction             Conjuration                  7
   f - Spellforged Servitor           Conjuration/Summoning        7
Comestibles
 c - 2 bread rations
 I - 2 royal jellies
 K - 5 meat rations
 R - 3 chunks of flesh


   Skills:
 + Level 5.3 Dodging
 - Level 1.7 Stealth
 + Level 4.9 Spellcasting
 + Level 12.9 Conjurations


You had 9 spell levels left.
You knew the following spells:

 Your Spells              Type           Power        Failure   Level  Hunger
a - Magic Dart            Conj           ####         1%          1    None
b - Searing Ray           Conj           ######       1%          2    None
c - Force Lance           Conj/Tloc      #####...     6%          4    ####...
d - Sticks to Snakes      Tmut           #.......     13%         2    None


Dungeon Overview and Level Annotations

Branches:
Dungeon (9/15)             Temple (1/1) D:7
   Lair: D:8-11         Orc: D:9-12

Shops:
D:6 *   D:8 *(=

Annotations:
D:9 Psyche


Innate Abilities, Weirdness & Mutations

You have an increased reservoir of magic. (+10% MP)
You are partially covered in thin metallic scales. (AC +2)
Armour fits poorly on your strangely shaped body.


Message History

As you read the scroll of fear, it crumbles to dust.
You assume a fearsome visage.
The queen bee looks frightened!
The killer bee looks frightened!
You feel sick. The killer bee closely misses you. The killer bee misses you.
The killer bee stings you.
* * * LOW HITPOINT WARNING * * *
You are more poisoned.
The killer bee poisons you!
A killer bee comes into view.
Okay, then.
A red film seems to cover your vision as you go berserk!
You feel yourself moving faster!
You feel mighty!
* * * LOW HITPOINT WARNING * * *
You feel sick. The killer bee closely misses you.
The killer bee barely misses you. x2
You hit the killer bee. You freeze the killer bee.
The killer bee is moderately wounded.
* * * LOW HITPOINT WARNING * * *
You feel sick. The killer bee stings you!
You die...

#†#..#
#%#...#
#y###y.#
#y# #..##
#y####y.#
..####..y.#
..........#
###....y##
#####@#
#####
#.####...#
#..)<..#.#
####.....#
###.∩.#
#...# #.#.#
#...# .#
###)# .#


You could see a queen bee (fleeing) and 3 killer bees.

Vanquished Creatures
  A two-headed ogre (D:9)
  The ghost of Shadowablaze the Slicer, a novice SpAs (D:7)
  The ghost of Spacey the Conjurer, a novice TeFE of Vehumet (D:5)
  The ghost of OrcishTimmy the Ruffian, an amateur TrMo of Kikubaaqudgha (D:3)
  A hippogriff (D:7)
  Eustachio (D:4)
  A hungry ghost (D:9)
  2 water moccasins
  3 ice beasts
  3 orc warriors
  2 sky beasts (D:6)
  A black bear (D:6)
  A necrophage (D:9)
  4 ogres
  2 centaurs (D:8)
  3 big kobolds
  Blork the orc (D:4)
  2 scorpions (D:6)
  13 killer bees
  2 howler monkeys
  2 crimson imps
  A quasit (D:7)
  7 orc priests
  2 jellies
  A gnoll shaman (D:5)
  Crazy Yiuf (D:5)
  A hound (D:5)
  A centaur skeleton (D:4)
  11 orc wizards
  Jessica (D:2)
  An iguana (D:6)
  10 worker ants
  A hound skeleton (D:5)
  A howler monkey skeleton (D:8)
  A worker ant zombie (D:6)
  9 adders
  4 gnolls (D:5)
  4 shadow imps
  An ooze (D:4)
  4 worms
  2 dart slugs
  3 leopard geckos
  29 orcs
  8 giant cockroaches
  8 goblins
  10 hobgoblins
  5 jackals
  A quokka (D:4)
  7 bats
  4 frilled lizards
  8 kobolds
  A quokka zombie (D:6)
  5 rats
  A fungus (D:5)
202 creatures vanquished.

Vanquished Creatures (others)
  A quokka (D:4)
1 creature vanquished.

Grand Total: 203 creatures vanquished

Notes
Turn   | Place    | Note
-------+----------+-------------------------------------------
     0 | D:1      | TheLastOne the Demigod Conjurer began the quest for the Orb.
     0 | D:1      | Reached XP level 1. HP: 14/14 MP: 5/5
   360 | D:1      | Reached skill level 4 in Conjurations
   463 | D:1      | Reached XP level 2. HP: 20/20 MP: 5/7
  1101 | D:2      | Reached XP level 3. HP: 26/26 MP: 1/8
  1184 | D:2      | Noticed Jessica
  1188 | D:2      | Killed Jessica
  1188 | D:2      | Reached skill level 5 in Conjurations
  1797 | D:3      | Learned a level 2 spell: Searing Ray
  1797 | D:3      | Reached XP level 4. HP: 33/33 MP: 5/9
  2233 | D:4      | Noticed Blork the orc
  2258 | D:4      | Found a white marble altar of Elyvilon.
  2630 | D:4      | Reached skill level 6 in Conjurations
  2630 | D:4      | Reached XP level 5. HP: 38/38 MP: 5/10
  2657 | D:4      | Noticed an ogre
  2664 | D:4      | Killed an ogre
  2843 | D:4      | Killed Blork the orc
  2843 | D:4      | Reached XP level 6. HP: 15/45 MP: 1/11
  3067 | D:4      | Reached skill level 7 in Conjurations
  3503 | D:4      | Noticed Eustachio
  3512 | D:4      | Killed Eustachio
  3512 | D:4      | Reached skill level 8 in Conjurations
  3547 | D:5      | Entered Level 5 of the Dungeon
  3555 | D:5      | Reached XP level 7. HP: 50/50 MP: 6/12
  3670 | D:5      | Learned a level 4 spell: Force Lance
  3936 | D:7      | Reached skill level 9 in Conjurations
  4025 | D:7      | Noticed Shadowablaze's ghost (novice SpAs)
  4057 | D:7      | Killed Shadowablaze's ghost
  4057 | D:7      | Reached skill level 10 in Conjurations
  4057 | D:7      | Reached XP level 8. HP: 12/57 MP: 3/13
  4073 | D:8      | Found Uzxyled's Antique Weapon Emporium.
  4460 | D:9      | Found a shimmering altar of Xom.
  4581 | D:9      | Noticed Psyche
  4621 | D:9      | Gained mutation: Armour fits poorly on your strangely shaped body. [potion of mutation]
  4621 | D:9      | Gained mutation: You are partially covered in thin metallic scales. (AC +2) [potion of mutation]
  4659 | D:9      | Found a snail-covered altar of Cheibriados.
  4759 | D:9      | Reached skill level 11 in Conjurations
  5042 | D:9      | Noticed a two-headed ogre
  5051 | D:9      | Killed a two-headed ogre
  5051 | D:9      | Reached XP level 9. HP: 51/62 MP: 6/14
  5124 | D:8      | Found Hats's Jewellery Boutique.
  5128 | D:8      | Bought an uncursed ring of magical power for 260 gold pieces
  5211 | D:7      | Reached skill level 12 in Conjurations
  5672 | D:7      | Found a staircase to the Ecumenical Temple.
  5738 | Temple   | Entered the Ecumenical Temple
  5896 | Temple   | Learned a level 2 spell: Sticks to Snakes
  6045 | D:7      | Found a shadowy altar of Dithmenos.
  6816 | D:6      | Found Ukodor's General Store.
  6976 | D:3      | Noticed OrcishTimmy's ghost (amateur TrMo)
  6986 | D:3      | Killed OrcishTimmy's ghost
  7577 | D:5      | Noticed Spacey's ghost (novice TeFE)
  7584 | D:5      | Killed Spacey's ghost
  7669 | D:5      | Found a shattered altar of Ashenzari.
  7881 | D:5      | Reached XP level 10. HP: 67/69 MP: 19/19
  7914 | D:5      | Found a runed door.
  7938 | D:5      | Noticed Crazy Yiuf
  7941 | D:5      | Killed Crazy Yiuf
  8146 | D:6      | Found a bloodstained altar of Trog.
  8570 | D:8      | Bought a crystal dagger for 168 gold pieces
  8571 | D:8      | Identified the +2 dagger of the Visionary {freeze, rF+ rN+ Dex-3} (You bought it in a shop on level 8 of the Dungeon)
  8616 | D:8      | Reached skill level 5 in Dodging
  8923 | D:8      | Found Rikkimny's Assorted Antiques.
  9033 | D:8      | HP: 5/103 [poisoned by a killer bee]
  9034 | D:8      | Slain by a killer bee

Skill      XL: |  1  2  3  4  5  6  7  8  9 10 |
---------------+-------------------------------+-----
Conjurations   | 4 5 6 8 10 11 12 | 12.9
Dodging        | 4 5 |  5.3
Spellcasting   | 4 |  4.9
Stealth        | |  1.7

Action                   |  1- 3 |  4- 6 |  7- 9 | 10-12 || total
-------------------------+-------+-------+-------+-------++-------
Melee: Spear             |     4 |    20 |       |       ||    24
       Falchion          |       |       |    36 |       ||    36
       Dagger            |       |       |       |     8 ||     8
 Fire: Hunting sling     |    13 |       |       |       ||    13
 Cast: Magic Dart        |    70 |    62 |   151 |    54 ||   337
       Searing Ray       |       |    10 |    54 |    24 ||    88
       Force Lance       |       |       |       |     1 ||     1
  Use: Scroll            |       |     3 |     1 |     1 ||     5
       Potion            |       |       |     7 |     2 ||     9
  Eat: Chunk             |     2 |     4 |    12 |     1 ||    19
       Bread ration      |       |     1 |     1 |       ||     2
       Meat ration       |       |       |     1 |       ||     1
Armor: Robe              |     4 |     9 |    24 |    16 ||    53
       Skin              |       |       |     3 |       ||     3
Dodge: Dodged            |    13 |    23 |    98 |    57 ||   191
       Rpst.: Falchion   |       |       |    19 |       ||    19
